 Dungeon Crawl Stone Soup version 0.28-a0-779-g3d1f99b579 (webtiles) character file.

Game seed: 10776856874486457215

314 ytrimaz the Conjurer (level 6, -9/39 HPs)
             Began as an Octopode Conjurer on Nov 2, 2021.
             Mangled by an ogre (23 damage)
             ... on level 4 of the Dungeon.
             The game lasted 00:04:19 (3812 turns).

ytrimaz the Conjurer (Octopode Conjurer)            Turns: 3812, Time: 00:04:20

Health: -9/39      AC:  1    Str:  6    XL:     6   Next: 43%
Magic:  2/12       EV: 28    Int: 22    God:
Gold:   95         SH:  0    Dex: 11    Spells: 8/13 levels left

rFire   . . .      SeeInvis .   e - +3 dagger (drain)
rCold   . . .      Faith    .   (no shield)
rNeg    . . .      Spirit   .   (helmet restricted)
rPois   .          Reflect  .   d - amulet of the acrobat
rElec   .          Harm     .   (no ring)
rCorr   .          Rampage  .   (no ring)
Will    .....                   (no ring)
Stlth   +++.......              (no ring)
HPRegen 0.13/turn               (no ring)
MPRegen 0.13/turn               (no ring)
                                (no ring)
                                (no ring)

@: acrobatic, very slightly contaminated
A: almost no armour, amphibious, 8 rings, camouflage 1, gelatinous body 1,
(nimble swimmer 1), tentacles
a: no special abilities


You were on level 4 of the Dungeon.
You visited 1 branch of the dungeon, and saw 4 of its levels.

You collected 95 gold pieces.

Inventory:

Hand Weapons
 e - a +3 dagger of draining (weapon)
Missiles
 l - a throwing net
Jewellery
 d - an amulet of the acrobat (around mantle)
Wands
 i - a wand of acid (2)
Scrolls
 b - a scroll of holy word
 j - a scroll of identify
Potions
 a - 2 potions of curing
 c - 2 potions of heal wounds {unknown}
 f - a potion of lignification {unknown}
 g - a potion of haste {unknown}


   Skills:
 * Level 2.0 Fighting
 - Level 2.0 Dodging
 - Level 2.6 Stealth
 - Level 0.1 Unarmed Combat
 * Level 4.2 Spellcasting
 + Level 5.5 Conjurations
 * Level 0.9 Fire Magic


You had 8 spell levels left.
You knew the following spells:

 Your Spells              Type           Power      Damage    Failure   Level
a - Magic Dart            Conj           100%       1d8       1%          1
b - Flame Wave            Conj/Fire      19%        3d5       28%         4

Your spell library contained the following spells:

 Spells                   Type           Power      Damage    Failure   Level
 Searing Ray              Conj           58%        2d6       1%          2
 Shock                    Conj/Air       64%        1d7       3%          1
 Conjure Flame            Conj/Fire      19%        6-21      9%          3
 Animate Skeleton         Necr           8%         N/A       11%         1
 Pain                     Necr           16%        1d4       11%         1
 Scorch                   Fire           16%        2d6       11%         2
 Dazzling Flash           Conj/Hex       32%        N/A       11%         3
 Ignite Poison            Fire/Tmut/Pois 6%         N/A       28%         3
 Sticky Flame             Conj/Fire      19%        2d4       28%         4
 Swiftness                Air            4%         N/A       32%         3
 Vampiric Draining        Necr           4%         2d6       32%         3
 Fulminant Prism          Conj/Hex       8%         3d7       34%         4
 Iskenderun's Mystic Bla  Conj/Tloc      16%        2d5       34%         4
 Airstrike                Air            2%         N/A       73%         4
 Summon Cactus Giant      Summ           2%         N/A       100%        6


Dungeon Overview and Level Annotations

Branches:
Dungeon (4/15)
 Temple: D:4-7

Altars:
Dithmenos


Innate Abilities, Weirdness & Mutations

You cannot wear most types of armour.
You are amphibious.
You can wear up to eight rings at the same time.
Your skin changes colour to match your surroundings (Stealth+).
Your rubbery body absorbs attacks. (AC +1, EV +1)
((You are camouflaged near water. (Stealth+)))
You have tentacles for arms and can constrict up to eight enemies at once.


Message History

Casting: Flame Wave (extremely dangerous; 28% risk of failure)
Confirm with . or Enter, or press ? or * to list all spells.
The spell is extremely dangerous to cast (28% risk of failure)!
Continue anyway?
Casting: Flame Wave (extremely dangerous; 28% risk of failure)
Press: ? - help, Dir - look around, f - activate A wave of flame ripples out! (Press . to intensify the flame waves.) Unknown command.
A wave of flame ripples out!
You hear a shout!
A wave of flame ripples out!
You finish channelling waves of flame.
You see here a +0 whip.
An ogre comes into view. It is wielding a +0 giant club.
An ogre is nearby!
An ogre is nearby!
An ogre is nearby!
The magic dart hits the ogre.
The ogre is lightly wounded.
The ogre shouts!
The magic dart hits the ogre.
The ogre is moderately wounded.
The magic dart hits the ogre.
The ogre is moderately wounded.
You see here a +0 club.
Casting: Magic Dart (safe; 1% risk of failure)
Confirm with . or Enter, or press ? or * to list all spells.
The spell is extremely dangerous to cast (28% risk of failure)!
Continue anyway?
Casting: Flame Wave (extremely dangerous; 28% risk of failure)
Press: ? - help, Dir - look around, f - activate You miscast Flame Wave.
You are very lightly contaminated with residual magic.
There is a sudden and violent explosion of flames!
The ogre hits you with a +0 giant club!
Unknown command.
As you read the scroll labelled UNYTOH YTHREEJUEK, it crumbles to dust.
The scroll dissolves into smoke.
It was a scroll of fog.
Unknown command.
The ogre hits you with a +0 giant club!!
Ouch! That really hurt!
You die...

#...............
.....##..............#
..........##...............
...........#...............
#.........##.............##
#......##.##...........†...
.....#..##§.........†....
#. ...##§§§§.............#
#...##.#§O@§#..............
#.....)§§§###..............
...##...####
####...#....... #...####
#...#....... ###
##.......).. #.[.#.#.....
.###.######....
...#.#....#....
...............


You could see an ogre.

Vanquished Creatures
  An ogre (D:4)
  An orc priest (D:3)
  Natasha (twice) (D:2)
  A hound skeleton (D:4)
  3 gnolls (D:4)
  3 adders
  2 worms (D:2)
  A dart slug (D:2)
  5 orcs (D:3)
  4 ball pythons
  3 bats
  11 endoplasms
  4 hobgoblins
  4 jackals (D:4)
  3 quokkas
  3 frilled lizards (D:1)
  5 goblins
  10 kobolds
  11 rats
77 creatures vanquished.

Notes
Turn   | Place    | Note
-------+----------+-------------------------------------------
     0 | D:1      | ytrimaz the Octopode Conjurer began the quest for the Orb.
     0 | D:1      | Reached XP level 1. HP: 11/11 MP: 3/3
   310 | D:1      | Reached XP level 2. HP: 17/17 MP: 1/5
  1184 | D:1      | Found a faded altar of an unknown god.
  1220 | D:1      | Reached XP level 3. HP: 22/22 MP: 4/6
  1408 | D:2      | Reached skill level 1 in Fighting
  1842 | D:2      | Noticed Natasha
  1847 | D:2      | Killed Natasha
  1848 | D:2      | Reached XP level 4. HP: 19/28 MP: 2/8
  2098 | D:2      | Noticed Natasha
  2103 | D:2      | Killed Natasha
  2104 | D:2      | Reached skill level 5 in Conjurations
  2267 | D:3      | Reached XP level 5. HP: 33/33 MP: 7/9
  2492 | D:3      | Found a shadowy altar of Dithmenos.
  2546 | D:3      | Learned a level 4 spell: Flame Wave
  3050 | D:4      | Noticed an ogre
  3057 | D:4      | Killed an ogre
  3058 | D:4      | Reached XP level 6. HP: 39/39 MP: 3/12
  3812 | D:4      | Mangled by an ogre

Illustrated notes

Levels and vault maps discovered:
D:1:      nzn_arrival_crosshair, layout_basic,
          hellmonk_ecumenical_altar_slurped_away, nrook_mini_vaults,
          minmay_misc_feat_enclosed
D:2:      layout_rooms, uniq_natasha
D:3:      layout_rooms, mainiacjoe_overflow_catwalk, serial_bayou_pond_d,
          minivault_4, minivault_19
D:4:      layout_cave_pools, marbit_many_paths,
          mainiacjoe_overflow_six_doors_small

Skill      XL: |  1  2  3  4  5  6 |
---------------+-------------------+-----
Fighting       | 1 2 |  2.0
Spellcasting   | 3 4 |  4.2
Conjurations   | 5 |  5.5
Dodging        | |  2.0
Stealth        | |  2.6
Unarmed Combat | |  0.1
Fire Magic     | |  0.9

Action                   |  1- 3 |  4- 6 || total
-------------------------+-------+-------++-------
Melee: Dagger            |    13 |    27 ||    40
       Constrict         |     3 |     4 ||     7
       Unarmed           |     2 |       ||     2
       Tentacles         |     4 |     2 ||     6
 Cast: Magic Dart        |    68 |    75 ||   143
       Flame Wave        |       |     2 ||     2
  Use: Scroll            |     6 |     5 ||    11
Dodge: Dodged            |     8 |    26 ||    34

Table legend: (Time is in decaauts)
 A = Elapsed time spent in this place.
 B = Non-inter-level travel time spent in this place.
 C = Inter-level travel time spent in this place.
 D = Time resting spent in this place.
 E = Time spent auto-exploring this place.
 F = Levels seen in this place.
 G = Mean time per level.
                   A        B        C        D        E       F      G
               +--------+--------+--------+--------+--------+-----+--------+
         Total |   3826 |   3791 |     35 |    574 |   2801 |   4 |  956.5 |
       Dungeon |   3826 |   3791 |     35 |    574 |   2801 |   4 |  956.5 |
               +--------+--------+--------+--------+--------+-----+--------+

Top non-repeatable levels by time:
     D:1: 1287 daAuts
     D:2: 930 daAuts
     D:4: 838 daAuts
     D:3: 769 daAuts
